 Dungeon Crawl Stone Soup version 0.30-a0-49-g1cef19eb02 (webtiles) character file.

Game seed: 12785562520590543333

14 IdlyInterested the Chucker (level 2, 0/21 HPs)
             Began as a Demonspawn Wanderer on Sept 2, 2022.
             Slain by an orc
             ... wielding a +0 flail
              (5 damage)
             ... on level 2 of the Dungeon.
             The game lasted 00:02:44 (932 turns).

IdlyInterested the Chucker (Demonspawn Wanderer)     Turns: 932, Time: 00:02:45

Health: 0/21       AC:  6    Str: 12    XL:     2   Next: 27%
Magic:  3/3        EV: 10    Int: 15    God:
Gold:   32         SH:  0    Dex: 10    Spells: 2/3 levels left

rFire   . . .      SeeInvis .    l - +3 rapier
rCold   . . .      Faith    .    (no shield)
rNeg    . . .      Spirit   .    e - +0 ring mail
rPois   .          Reflect  .    (no helmet)
rElec   .          Harm     .    (no cloak)
rCorr   .          Rampage  .    (no gloves)
Will    .....                    (no boots)
Stlth   ..........               (no amulet)
HPRegen 0.07/turn                (no ring)
MPRegen 0.08/turn                (no ring)

@: invisible
A: rugged brown scales 1
a: no special abilities


You were on level 2 of the Dungeon.
You visited 1 branch of the dungeon, and saw 2 of its levels.

You collected 32 gold pieces.

Inventory:

Hand Weapons
 l - a +3 rapier (weapon)
Missiles
 a - 6 poisoned darts
 b - 7 boomerangs (quivered)
Armour
 c - a +0 chain mail
 e - a +0 ring mail (worn)
Magical Staves
 j - a staff of earth
Scrolls
 g - a scroll of fear {unknown}
 i - a scroll of teleportation {unknown}
Potions
 d - a potion of attraction
 k - a potion of flight {unknown}


   Skills:
 * Level 1.2 Fighting
 - Level 3.6 Throwing
 + Level 2.9 Armour
 + Level 1.3 Spellcasting
 - Level 2.0 Hexes


You had 2 spell levels left.
You knew the following spells:

 Your Spells              Type           Power      Damage    Failure   Level
a - Slow                  Hex            28%        N/A       22%         1

Your spell library contained the following spells:

 Spells                   Type           Power      Damage    Failure   Level
 Confusing Touch          Hex            7%         N/A       56%         3


Dungeon Overview and Level Annotations

Branches:
Dungeon (2/15)

Altars:


Innate Abilities, Weirdness & Mutations

You are partially covered in rugged brown scales. (AC +1, +3% HP)


Message History

You hit the endoplasm.
You kill the endoplasm!
You now have 32 gold pieces (gained 12).
You see here a +0 leather armour.
You see here a +0 dagger.
You see here 9 stones.
Done exploring.
Done exploring.
There is a staircase leading out of the dungeon here.
You see here a +0 leather armour.
There is a stone staircase leading down here.
You climb downwards.
There is a stone staircase leading up here.
You climb upwards.
There is a stone staircase leading down here.
There is a stone staircase leading down here.
You climb downwards.
There is a stone staircase leading up here.
You climb upwards.
There is a stone staircase leading down here.
There is a stone staircase leading down here.
Done exploring.
You climb downwards.
The orc shouts! x2
Found 20 gold pieces.
There is a stone staircase leading up here.
The orc misses you. The orc hits you with a +4 hand axe!
The orc closely misses you. The orc closely misses you.
You hit the orc.
The orc is moderately wounded.
The orc hits you with a +0 flail!
* * * LOW HITPOINT WARNING * * *
The orc hits you but does no damage. The orc barely misses you.
It was a potion of invisibility.
You fade into invisibility!
The orc closely misses you.
You closely miss the orc. The orc hits you with a +0 flail.
You die...

.##...# #.#.#
#.......#
#.#...##.......#
#.. ...........#
### #.##..$....#
.##.......#
#.#......wo#
#........oo#
#$...<.oo@#
#....########
... #


You could see a dart slug (unable to see you) and 5 orcs.

Vanquished Creatures
  An endoplasm (D:1)
  A giant cockroach (D:1)
  2 goblins (D:1)
  2 hobgoblins (D:1)
  A quokka (D:1)
  A ball python (D:1)
  A bat (D:1)
  A frilled lizard (D:1)
  A kobold (D:1)
  2 rats (D:1)
13 creatures vanquished.

Notes
Turn   | Place    | Note
-------+----------+-------------------------------------------
     0 | D:1      | IdlyInterested the Demonspawn Wanderer began the quest for
                  | the Orb.
     0 | D:1      | IdlyInterested set off with the following items: a +0
                  | dagger, 8 boomerangs, a +0 chain mail, a potion of
                  | attraction; and the following spell memorised: Slow; and
                  | the following spells available to memorise: Confusing
                  | Touch.
     0 | D:1      | Reached XP level 1. HP: 13/13 MP: 2/2
    29 | D:1      | Found a faded altar of an unknown god.
   256 | D:1      | Reached skill level 1 in Fighting
   363 | D:1      | Gained mutation: You are partially covered in rugged brown
                  | scales. (AC +1, +3% HP) [demonic ancestry]
   363 | D:1      | Reached XP level 2. HP: 15/21 MP: 3/3
   932 | D:2      | Slain by an orc

Illustrated notes

Levels and vault maps discovered:
D:1:      ebering_trefoil_twist, layout_rooms,
          hellmonk_ecumenical_altar_pennies_from_heaven
D:2:      layout_rooms

Skill      XL: |  1 |
---------------+----+-----
Fighting       | 1 |  1.2
Throwing       | |  3.6
Armour         | |  2.9
Spellcasting   | |  1.3
Hexes          | |  2.0

Action                   || total
-------------------------++-------
Melee: Short sword       ||    39
       Dagger            ||    10
       Punch             ||     1
       Rapier            ||     3
Throw: Boomerang         ||     6
  Use: Potion            ||     1
Armor: Ring mail         ||    23
       Chain mail        ||     6
Dodge: Dodged            ||    31

Table legend: (Time is in decaauts)
 A = Elapsed time spent in this place.
 B = Non-inter-level travel time spent in this place.
 C = Inter-level travel time spent in this place.
 D = Time resting spent in this place.
 E = Time spent auto-exploring this place.
 F = Levels seen in this place.
 G = Mean time per level.
                   A        B        C        D        E       F      G
               +--------+--------+--------+--------+--------+-----+--------+
         Total |    937 |    853 |     84 |     79 |    584 |   2 |  468.5 |
       Dungeon |    937 |    853 |     84 |     79 |    584 |   2 |  468.5 |
               +--------+--------+--------+--------+--------+-----+--------+

Top non-repeatable levels by time:
     D:1: 927 daAuts
     D:2: 10 daAuts
